 Dungeon Crawl Stone Soup version 0.30.1-9-gdf580d7c3d (webtiles) character file.

Game seed: 10640583325923327221

2013 KittyFluff the Covered (level 9, -3/55 HPs)
             Began as a Gargoyle Berserker on Oct 15, 2023.
             Was an Elder of Trog.
             Slain by an orc warrior
             ... wielding a +0 battleaxe
              (13 damage)
             ... on level 6 of the Dungeon.
             The game lasted 00:21:48 (5748 turns).

KittyFluff the Covered (Gargoyle Berserker)         Turns: 5748, Time: 00:21:48

Health: -3/55      AC: 12    Str: 26    XL:     9   Next: 22%
Magic:  9/9        EV: 12    Int:  7    God:    Trog [****..]
Gold:   274        SH:  0    Dex:  9    Spells: 8/8 levels left

rFire   + . .        a - +0 mace
rCold   . . .        (no shield)
rNeg    + . .        H - +1 leather armour {rF+}
rPois   ∞            (no helmet)
rElec   +            (no cloak)
rCorr   .            (no gloves)
SInv    .            o - +0 pair of boots
Will    .....        (no amulet)
Stlth   +            (no ring)
HPRegen 0.29/turn    (no ring)
MPRegen 0.11/turn

%: no passive effects
@: no status effects
A: sickness immunity, AC +6, negative energy resistance 1, electricity
resistance, torment resistance 1, petrification resistance
a: Renounce Religion, Berserk, Trog's Hand, Brothers in Arms


You were on level 6 of the Dungeon.
You worshipped Trog.
Trog was greatly pleased with you.
You visited 1 branch of the dungeon, and saw 6 of its levels.
You also visited: Ossuary.

You collected 288 gold pieces.
You spent 14 gold pieces at shops.

Inventory:

Hand Weapons
 a - a +0 mace (weapon)
Missiles
 m - a silver boomerang
 u - a boomerang (quivered)
 x - 6 poisoned darts
 G - 6 javelins
Armour
 o - a +0 pair of boots (worn)
 H - a +1 leather armour of fire resistance (worn)
Jewellery
 c - a ring of fire
 q - an amulet of faith
Wands
 b - a wand of iceblast (14)
Scrolls
 d - 3 scrolls of immolation {unknown}
 e - 2 scrolls of teleportation {unknown}
 f - a scroll of enchant weapon {unknown}
 g - a scroll of amnesia {unknown}
 h - 3 scrolls of noise {unknown}
 i - 3 scrolls of acquirement {unknown}
 r - a scroll of vulnerability {unknown}
 t - a scroll of silence {unknown}
 v - 3 scrolls of magic mapping {unknown}
 y - a scroll of butterflies {unknown}
 A - a scroll of blinking {unknown}
 B - 2 scrolls of fog {unknown}
 E - a scroll of poison {unknown}
 F - a scroll of enchant armour {unknown}
Potions
 j - 2 potions of mutation
 k - 6 potions of curing {unknown}
 l - 2 potions of degeneration
 n - 3 potions of cancellation
 p - a potion of attraction
 w - 2 potions of resistance
 z - a potion of haste
 D - a potion of flight {unknown}


   Skills:
 + Level 6.2 Fighting
 * Level 7.4 Maces & Flails
 * Level 7.8 Armour
 + Level 4.2 Dodging


You had 8 spell levels left.
You didn't know any spells.
Your spell library was empty.

Dungeon Overview and Level Annotations

Branches:
Dungeon (6/15)             Temple (0/1) D:6         Ossuary (visited)

Altars:
Gozag
Makhleb
Nemelex Xobeh
Okawaru
Ru

Shops:
D:4 !


Innate Abilities, Weirdness & Mutations

You are immune to sickness and miasma.
Your stone body is resilient. (AC +6)
You are immune to poison.
You resist negative energy. (rN+)
You are resistant to electric shocks. (rElec)
You are resistant to unholy torment.
You are immune to petrification.


Message History

You now have 274 gold pieces (gained 12).
You open the door.
An orc warrior comes into view. It is wielding a +0 battleaxe.
The orc warrior shouts!
Found 14 gold pieces.
Found a scroll labelled BOAMIAJ XOTRI and a scroll labelled UMOITS RUAK.
There is an open door here.
You barely miss the orc warrior. The orc warrior closely misses you.
You hit the orc warrior but do no damage.
The orc warrior hits you with a +0 battleaxe.
You hit the orc warrior.
The orc warrior is lightly wounded.
The orc warrior barely misses you.
You hit the orc warrior.
The orc warrior is moderately wounded.
The orc warrior hits you with a +0 battleaxe.
The orc warrior misses you.
You sock the orc warrior!
The orc warrior is severely wounded.
The orc warrior hits you with a +0 battleaxe!
You hit the orc warrior but do no damage.
The orc warrior is severely wounded.
The orc warrior hits you with a +0 battleaxe.
You closely miss the orc warrior.
The orc warrior is severely wounded.
The orc warrior hits you with a +0 battleaxe!
You hit the orc warrior but do no damage.
The orc warrior is severely wounded.
The orc warrior barely misses you.
You closely miss the orc warrior.
The orc warrior is severely wounded.
The orc warrior hits you with a +0 battleaxe!
You hit the orc warrior.
The orc warrior is severely wounded.
The orc warrior hits you with a +0 battleaxe!
* * * LOW HITPOINT WARNING * * *
You closely miss the orc warrior.
The orc warrior is severely wounded.
The orc warrior hits you with a +0 battleaxe!
You die...

########
#?$#...#
?....+ #.o.#
#####@######..
#.............
###....######
####..###
##...# ###.#
#.#######
#.......#
#.......#


You could see an orc warrior.

Vanquished Creatures
  Menkaure (D:6)
  A water moccasin (D:5)
  An ogre (D:5)
  A phantom (D:6)
  9 scorpions (Ossuary)
  A howler monkey (D:4)
  2 centaur zombies (Ossuary)
  An orc priest (D:6)
  5 hounds
  3 human zombies (Ossuary)
  2 jellies
  Jessica (D:3)
  6 scorpion zombies (Ossuary)
  2 sleepcaps
  5 iguanas
  2 orc wizards
  3 mummies (Ossuary)
  9 adders
  2 shadow imps (D:5)
  A white imp (D:4)
  An ufetubus (D:6)
  A worm (D:2)
  A dart slug (D:1)
  13 orcs
  9 endoplasms
  6 giant cockroaches
  6 gnoll zombies (Ossuary)
  9 goblins
  2 hobgoblins
  7 kobolds
  3 quokkas
  6 ball pythons
  2 bats
  3 frilled lizards
  3 goblin zombies (Ossuary)
  4 hobgoblin zombies (Ossuary)
  2 kobold zombies (Ossuary)
  An orc zombie (Ossuary)
  4 rats
141 creatures vanquished.

Notes
Turn   | Place    | Note
-------+----------+-------------------------------------------
     0 | D:1      | KittyFluff the Gargoyle Berserker began the quest for the
                  | Orb.
     0 | D:1      | Reached XP level 1. HP: 14/14 MP: 1/1
   198 | D:1      | Reached XP level 2. HP: 13/19 MP: 2/2
   806 | D:2      | Reached ** piety under Trog
   807 | D:2      | Reached XP level 3. HP: 23/23 MP: 3/3
  1237 | D:2      | Reached XP level 4. HP: 25/29 MP: 4/4
  1289 | D:2      | Found a faded altar of an unknown god.
  2066 | D:3      | Noticed Jessica
  2077 | D:3      | Killed Jessica
  2078 | D:3      | Reached XP level 5. HP: 16/33 MP: 5/5
  2475 | D:4      | Reached XP level 6. HP: 11/38 MP: 6/6
  2722 | D:4      | Found Xamuf's Distillery.
  2732 | D:4      | Bought a potion of degeneration for 14 gold pieces
  2935 | D:4      | Reached *** piety under Trog
  3301 | D:4      | Found a sacrificial altar of Ru.
  3323 | D:4      | Found a burning altar of Makhleb.
  3343 | D:5      | Entered Level 5 of the Dungeon
  3406 | D:5      | Reached skill level 5 in Maces & Flails
  3407 | D:5      | Found a sand-covered staircase.
  3413 | Ossuary  | Entered an ossuary
  3441 | Ossuary  | Reached XP level 7. HP: 43/44 MP: 7/7
  3472 | Ossuary  | Reached skill level 5 in Armour
  3717 | Ossuary  | Reached skill level 5 in Fighting
  3790 | Ossuary  | Reached XP level 8. HP: 8/49 MP: 8/8
  4687 | D:5      | Identified the +5 dagger "Wacuakem" {freeze, Int+3 Dex+5}
  5110 | D:5      | Found an iron altar of Okawaru.
  5193 | D:5      | Reached XP level 9. HP: 53/55 MP: 9/9
  5263 | D:6      | Found an opulent altar of Gozag.
  5263 | D:6      | Found a sparkling altar of Nemelex Xobeh.
  5333 | D:6      | Found a staircase to the Ecumenical Temple.
  5468 | D:6      | Reached **** piety under Trog
  5634 | D:6      | Noticed Menkaure
  5640 | D:6      | Killed Menkaure
  5748 | D:6      | Slain by an orc warrior

Illustrated notes

Levels and vault maps discovered:
D:1:      scummos_arrival_gate, layout_basic, hex_medium, minmay_surrounded
D:2:      layout_loops_cross, hellmonk_ecumenical_altar_inner_sanctum
D:3:      layout_loops_ring, uniq_jessica
D:4:      layout_loops_ring, mainiacjoe_overflow_swirl, serial_shops,
          nicolae_shop_temple_entry_statues_fountains, minmay_misc_feat_plants
D:5:      layout_cave_pools, marbit_many_paths, enter_ossuary_5,
          uniq_crazy_yiuf_cottage
D:6:      minmay_thinvault, layout_basic, grunt_temple_overflow_opulence,
          chequers_temple_overflow_statue_of_worship,
          mainiacjoe_overflow_brackets, minmay_temple_entry_purple_smoke,
          grunt_decor_resistance, serial_bayou_pond_b,
          minmay_fractal_squares_gapless_5, uniq_menkaure

Skill      XL: |  1  2  3  4  5  6  7  8  9 |
---------------+----------------------------+-----
Armour         | 3 4 5 7 |  7.8
Dodging        | 2 3 4 |  4.2
Maces & Flails | 4 5 7 |  7.4
Fighting       | 4 5 6 |  6.2

Action                     |  1- 3 |  4- 6 |  7- 9 || total
---------------------------+-------+-------+-------++-------
  Melee: Mace              |   106 |   225 |   449 ||   780
         Punch             |     1 |     2 |     6 ||     9
    Use: Scroll            |       |       |     6 ||     6
 Armour: Animal skin       |    51 |    29 |       ||    80
         Leather armour    |       |    67 |   198 ||   265
  Dodge: Dodged            |    73 |   148 |   266 ||   487
